 Dungeon Crawl Stone Soup version 0.21.0 (webtiles) character file.

851 mopl the Basher (level 7, -1/58 HPs)
             Began as a Minotaur Berserker on Jan 7, 2018.
             Was a Priest of Trog.
             Succumbed to a worker ant's poison
             ... on level 4 of the Dungeon.
             The game lasted 00:03:33 (2037 turns).

mopl the Basher (Minotaur Berserker)                Turns: 2037, Time: 00:03:34

Health: -1/58      AC:  7    Str: 21    XL:     7   Next: 69%
Magic:  6/6        EV: 10    Int:  4    God:    Trog [***...]
Gold:   98         SH:  0    Dex: 12    Spells: 6/6 levels left

rFire    + . .     SeeInvis .   k - +4 quarterstaff (chaos)
rCold    + . .     Gourm    .   (shield currently unavailable)
rNeg     . . .     Faith    .   e - +0 scale mail
rPois    +         Spirit   .   (helmet restricted)
rElec    +         Reflect  .   l - +0 cloak
rCorr    +         Harm     .   (no gloves)
MR       .....                  (no boots)
Stlth    ..........             (no amulet)
HPRegen  0.19/turn              t - ring of flight
MPRegen  0.10/turn              (no ring)

@: lethally poisoned (-1 -> -14), resistant, berserk cooldown, slowed, very slow
A: retaliatory headbutt, horns 2
a: Berserk, Trog's Hand, Burn Spellbooks, Renounce Religion, Evoke Flight


You were on level 4 of the Dungeon.
You worshipped Trog.
Trog was most pleased with you.
You were not hungry.

You visited 1 branch of the dungeon, and saw 4 of its levels.

You collected 98 gold pieces.

Inventory:

Hand Weapons
 a - a +0 mace
 k - a +4 quarterstaff of chaos (weapon)
 q - a +2 flail of venom
Missiles
 n - 8 curare-tipped needles
Armour
 e - a +0 scale mail (worn)
 l - a +0 cloak (worn)
Jewellery
 t - a ring of flight (left hand)
Scrolls
 b - a scroll of enchant armour {unknown}
 f - 3 scrolls of teleportation {unknown}
 g - 3 scrolls of identify {unknown}
 i - a scroll of fear {unknown}
 o - 2 scrolls of remove curse {unknown}
 p - a scroll of amnesia {unknown}
Potions
 d - 2 potions of flight {unknown}
 h - 2 potions of resistance
 j - a potion of degeneration {unknown}
 r - a potion of might {unknown}
 s - a potion of mutation {unknown}
Comestibles
 c - 6 rations
 m - 5 chunks of flesh


   Skills:
 + Level 3.6 Fighting
 * Level 10.9 Maces & Flails
 + Level 0.1 Throwing
 + Level 2.4 Armour
 + Level 2.2 Dodging
 + Level 0.1 Evocations


You had 6 spell levels left.
You didn't know any spells.

Dungeon Overview and Level Annotations

Branches:
Dungeon (4/15)
 Temple: D:4-7

Altars:
Makhleb
Uskayaw


Innate Abilities, Weirdness & Mutations

You reflexively headbutt those who attack you in melee.
You have a pair of horns on your head.


Message History

The worker ant bites you.
* * * LOW HITPOINT WARNING * * *
You are more poisoned.
The worker ant poisons you!
You barely miss the worker ant.
The worker ant is lightly wounded.
* * * LOW HITPOINT WARNING * * *
You feel very sick. The worker ant barely misses you. You furiously retaliate!
You headbutt the worker ant. The worker ant closely misses you.
You furiously retaliate!
You headbutt the worker ant! You sock the worker ant! You burn the worker ant.
You kill the worker ant!
Trog accepts your kill.
* * * LOW HITPOINT WARNING * * *
You feel sick.
Unknown command.
It was a potion of resistance.
You feel protected.
You die...

.............).......
..###..###.....#####
#..#<..#.###
#..###...# #........#
#.###....## #.#
#.....## #
#.###..†.#.###..
+..p...@.#.... .
#####...##..# ...
#......#..$#.(..
#....##p........
#....##.†/.[....
#....##..†......
......##........#
.......##.....?$.#
........##.....[..#


You could see 2 neutral freed slaves.

Vanquished Creatures
  Pikel (D:4)
  The ghost of Leibowitz the Cutter, an amateur KoGl (D:3)
  A slave (D:4)
  An ogre (D:4)
  Crazy Yiuf (D:2)
  A worker ant (D:4)
  3 gnolls (D:3)
  3 adders
  An ooze (D:2)
  2 worms (D:2)
  3 dart slugs
  3 leopard geckos
  7 orcs (D:3)
  3 giant cockroaches (D:3)
  11 hobgoblins
  9 jackals
  4 kobolds
  9 bats
  5 frilled lizards
  11 goblins
  6 rats
86 creatures vanquished.

Notes
Turn   | Place    | Note
-------+----------+-------------------------------------------
     0 | D:1      | mopl the Minotaur Berserker began the quest for the Orb.
     0 | D:1      | Reached XP level 1. HP: 19/19 MP: 0/0
    17 | D:1      | Reached skill level 4 in Maces & Flails
    61 | D:1      | Reached XP level 2. HP: 17/26 MP: 1/1
   213 | D:1      | Reached skill level 5 in Maces & Flails
   231 | D:1      | Reached XP level 3. HP: 27/31 MP: 2/2
   257 | D:1      | Reached ** piety under Trog
   832 | D:2      | Reached XP level 4. HP: 28/39 MP: 3/3
   847 | D:2      | Reached skill level 6 in Maces & Flails
   967 | D:2      | Found a runed door.
   971 | D:2      | Noticed Crazy Yiuf
   976 | D:2      | Killed Crazy Yiuf
  1396 | D:3      | Reached *** piety under Trog
  1460 | D:3      | Reached XP level 5. HP: 45/45 MP: 4/4
  1475 | D:3      | Noticed Leibowitz's ghost (amateur KoGl)
  1476 | D:3      | Reached skill level 7 in Maces & Flails
  1486 | D:3      | Killed Leibowitz's ghost
  1486 | D:3      | Reached skill level 8 in Maces & Flails
  1486 | D:3      | Reached XP level 6. HP: 51/51 MP: 5/5
  1677 | D:3      | Found a hide-covered altar of Uskayaw.
  1732 | D:3      | Found a burning altar of Makhleb.
  1764 | D:3      | Noticed a green death
  2005 | D:4      | Noticed a slave
  2008 | D:4      | Noticed a slave
  2009 | D:4      | Noticed Pikel
  2012 | D:4      | Noticed a slave
  2015 | D:4      | Killed a slave
  2016 | D:4      | Noticed a slave
  2026 | D:4      | Killed Pikel
  2026 | D:4      | Reached skill level 10 in Maces & Flails
  2026 | D:4      | Reached XP level 7. HP: 19/57 MP: 6/6
  2035 | D:4      | HP: 2/57 [poisoned by a worker ant]
  2037 | D:4      | Succumbed to a worker ant's poison

Skill      XL: |  1  2  3  4  5  6 |
---------------+-------------------+-----
Maces & Flails | 4 5 6 8 10 | 10.9
Fighting       | |  3.6
Throwing       | |  0.1
Armour         | |  2.4
Dodging        | |  2.2
Evocations     | |  0.1

Action                   |  1- 3 |  4- 6 |  7- 9 || total
-------------------------+-------+-------+-------++-------
Melee: Mace              |    88 |     6 |       ||    94
       Headbutt          |     6 |    14 |     1 ||    21
       Quarterstaff      |       |    70 |     6 ||    76
Invok: Berserk           |       |     4 |       ||     4
  Use: Potion            |       |       |     1 ||     1
  Eat: Chunk             |       |     7 |       ||     7
Armor: Animal skin       |     3 |       |       ||     3
       Scale mail        |    39 |    28 |     1 ||    68
Dodge: Dodged            |    55 |    21 |     8 ||    84
